 Dungeon Crawl Stone Soup version 0.32-a0-711-g016ad743e0 (webtiles) character file.

Game seed: 290416909297920067

1748573 MackTheKnife the Slayer (level 25, 189/245 HPs)
             Began as a Mountain Dwarf Wanderer on Mar 15, 2024.
             Was a Priest of Hepliaklqana.
             Escaped with the Orb
             ... and 3 runes!
             The game lasted 01:44:21 (60370 turns).

MackTheKnife the Slayer (Mountain Dwarf Wanderer)  Turns: 60370, Time: 01:44:21

Health: 189/245    AC: 22    Str: 29    XL:     25   Next: 22%
Magic:  37/37      EV: 25    Int: 13    God:    Hepliaklqana [***...]
Gold:   451        SH: 26    Dex: 30    Spells: 24/24 levels left

rFire   + + +        L - +9 long sword "Killer Bee's Curse" {drain, *Noise rElec Dex+5, long}
rCold   . . .        N - +0 tower shield {reflect}
rNeg    + . .        a - +2 ring mail of Wauthot {rF++ Str+3}
rPois   +            (helmet restricted)
rElec   +            D - +3 cloak "Yzoguwk" {rPois Str+3}
rCorr   .            j - +2 pair of gloves
SInv    .            G - +2 pair of boots
Will    +++..        k - amulet "Paguth" {Will+ Regen+ Str+3 Int-5}
Stlth   +            b - ring of Makhleb's Whim {rN+ Int+6}
HPRegen 1.40/turn    z - +6 ring of dexterity
MPRegen 0.25/turn

%: reflection
@: studying Translocations
A: reduced essence, runic magic, artefact enchanting, horns 1, fire resistance
1, robust 1, strong 1, inability to drink after injury 1, MP-powered wands
0: Orb of Zot
}: 3/15 runes: serpentine, barnacled, abyssal
a: Renounce Religion, Recall Ancestor, Ancestor Identity, Transference


You escaped.
You worshipped Hepliaklqana.
Hepliaklqana was most pleased with you.
You visited 9 branches of the dungeon, and saw 46 of its levels.
You visited the Abyss 1 time.
You visited 2 bazaars.
You also visited: Volcano and Wizlab.

You collected 5589 gold pieces.
You spent 5138 gold pieces at shops.


Innate Abilities, Weirdness & Mutations

Your life essence is reduced to manifest your ancestor. (-10% HP)
Your spellcasting is much less encumbered by armour.
You can use scrolls of enchantment on lesser artefacts.
You have a pair of small horns on your head.
Your flesh is heat resistant. (rF+)
You are robust. (+10% HP)
Your muscles are strong. (Str +4, Int/Dex -1)
You occasionally lose the ability to drink potions when taking damage.
You expend magic power (3 MP) to strengthen your wands.


   Skills:
 - Level 24.0 Fighting
 - Level 14.0 Long Blades
 - Level 1.0 Ranged Weapons
 - Level 16.0 Armour
 - Level 14.0 Dodging
 - Level 22.0 Shields
 - Level 4.0 Unarmed Combat
 - Level 20.8 Invocations
 + Level 19.0 Evocations


You had 24 spell levels left.
You didn't know any spells.
Your spell library contained the following spells:

 Spells                   Type           Power      Damage    Failure   Level
 Apportation              Tloc           0%         N/A       41%         1
 Freeze                   Ice            0%         1d3       41%         1
 Kiss of Death            Conj/Necr      0%         2d5       41%         1
 Magic Dart               Conj           0%         1d3       41%         1
 Necrotise                Necr           0%         1d4       41%         1
 Slow                     Hex            0%         N/A       41%         1
 Sting                    Conj/Alch      0%         1d3       41%         1
 Summon Small Mammal      Summ           0%         N/A       41%         1
 Ensorcelled Hibernation  Hex/Ice        0%         N/A       56%         2
 Jinxbite                 Hex            0%         N/A       56%         2
 Scorch                   Fire           0%         2d5       56%         2
 Searing Ray              Conj           0%         2d4       56%         2
 Sublimation of Blood     Necr           0%         N/A       56%         2
 Call Canine Familiar     Summ           0%         N/A       80%         3
 Confusing Touch          Hex            0%         N/A       80%         3
 Dazzling Flash           Conj/Hex       0%         N/A       80%         3
 Frozen Ramparts          Ice            0%         1d1       80%         3
 Hailstorm                Conj/Ice       0%         3d5       80%         3
 Inner Flame              Hex/Fire       0%         N/A       80%         3
 Passwall                 Erth           0%         N/A       80%         3
 Sigil of Binding         Hex            0%         N/A       80%         3
 Stone Arrow              Conj/Erth      0%         3d7       80%         3
 Swiftness                Air            0%         N/A       80%         3
 Tukima's Dance           Hex            0%         N/A       80%         3
 Vampiric Draining        Necr           0%         2d6       80%         3
 Animate Armour           Summ/Erth      0%         N/A       99%         4
 Brom's Barrelling Bould  Conj/Erth      0%         2d3       99%         4
 Cause Fear               Hex            0%         N/A       99%         4
 Dimensional Bullseye     Hex/Tloc       0%         N/A       99%         4
 Dispel Undead            Necr           0%         3d6       99%         4
 Flame Wave               Conj/Fire      0%         2d4       99%         4
 Fulminant Prism          Conj/Alch      0%         3d5       99%         4
 Ignite Poison            Fire/Alch      0%         N/A       99%         4
 Iskenderun's Mystic Bla  Conj/Tloc      0%         2d3       99%         4
 Leda's Liquefaction      Alch/Erth      0%         N/A       99%         4
 Martyr's Knell           Necr/Summ      0%         N/A       99%         4
 Olgreb's Toxic Radiance  Alch           0%         N/A       99%         4
 Petrify                  Alch/Erth      0%         N/A       99%         4
 Sticky Flame             Fire/Alch      0%         2d4       99%         4
 Summon Blazeheart Golem  Fire/Summ      0%         N/A       99%         4
 Vhi's Electric Charge    Tloc/Air       0%         N/A       99%         4
 Alistair's Intoxication  Alch           0%         N/A       100%        5
 Arcjolt                  Conj/Air       0%         1d10      100%        5
 Borgnjor's Vile Clutch   Necr/Erth      0%         N/A       100%        5
 Curse of Agony           Necr           0%         N/A       100%        5
 Fireball                 Conj/Fire      0%         3d3       100%        5
 Irradiate                Conj/Alch      0%         3d11      100%        5
 Iskenderun's Battlesphe  Conj           0%         2d6       100%        5
 Metabolic Englaciation   Hex/Ice        0%         N/A       100%        5
 Summon Mana Viper        Hex/Summ       0%         N/A       100%        5
 Bombard                  Conj/Erth      0%         9d1       100%        6
 Conjure Ball Lightning   Conj/Air       0%         3x3d6     100%        6
 Death Channel            Necr           0%         N/A       100%        6
 Plasma Beam              Fire/Air       0%         2x1d10    100%        6
 Sculpt Simulacrum        Ice/Alch       0%         N/A       100%        6
 Starburst                Conj/Fire      0%         6d3       100%        6
 Summon Cactus Giant      Summ           0%         N/A       100%        6
 Haunt                    Necr/Summ      0%         N/A       100%        7
 Malign Gateway           Summ/Tloc      0%         N/A       100%        7
 Orb of Destruction       Conj           0%         9d5       100%        7
 Ozocubu's Refrigeration  Ice            0%         4d7       100%        7
 Spellforged Servitor     Conj/Summ      0%         N/A       100%        7
 Discord                  Hex            0%         N/A       100%        8
 Disjunction              Tloc           0%         N/A       100%        8
 Ignition                 Fire           0%         3d3       100%        8
 Lehudib's Crystal Spear  Conj/Erth      0%         10d2      100%        8
 Maxwell's Capacitive Co  Air            0%         ∞         100%        8
 Summon Horrible Things   Summ           0%         N/A       100%        8
 Death's Door             Necr           0%         N/A       100%        9
 Dragon's Call            Summ           0%         N/A       100%        9

Inventory:

Hand Weapons
 L - the +9 long sword "Killer Bee's Curse" (weapon) {drain, *Noise rElec Dex+5, long}
   (You found it on level 1 of the Elven Halls)

   Dex+5:     It affects your dexterity (+5).
   rElec:     It insulates you from electricity.
   *Noise:    It may make a loud noise when swung.
 T - the +6 long sword of Unreason {freeze, rF+, long}
   (You took it off a deep elf elementalist on level 3 of the Elven Halls)

   rF+:       It protects you from fire.
Armour
 a - the +2 ring mail of Wauthot (worn) {rF++ Str+3}
   (You found it on level 1 of the Elven Halls)

   Str+3:     It affects your strength (+3).
   rF++:      It greatly protects you from fire.
 e - a +1 tower shield of reflection
   (You took it off a daeva on level 5 of the Realm of Zot)
 j - a +2 pair of gloves (worn)
   (You found it on level 2 of the Dungeon)
 n - a scarf of resistance
   (You found it on level 2 of the Dungeon)
 D - the +3 cloak "Yzoguwk" (worn) {rPois Str+3}
   (You bought it in a shop on level 2 of the Snake Pit)

   Str+3:     It affects your strength (+3).
   rPois:     It protects you from poison.
 G - a +2 pair of boots (worn)
   (You found it on level 1 of the Lair of Beasts)
 M - the +2 helmet of the Shouting Gods {rPois Dex+4 SInv}
   (You found it on level 5 of the Lair of Beasts)

   Dex+4:     It affects your dexterity (+4).
   rPois:     It protects you from poison.
   SInv:      It lets you see invisible.
 N - a +0 tower shield of reflection (worn)
   (You took it off a naga warrior on level 3 of the Snake Pit)
 R - a +0 pair of boots of flying
   (You found it on level 3 of the Elven Halls)
Jewellery
 b - the ring of Makhleb's Whim (left hand) {rN+ Int+6}
   (You found it on level 8 of the Dungeon)

   [ring of positive energy]

   Int+6:     It affects your intelligence (+6).
   rN+:       It protects you from negative energy.
 k - the amulet "Paguth" (around neck) {Will+ Regen+ Str+3 Int-5}
   (You bought it in a shop on level 4 of the Depths)

   [amulet of regeneration]

   Str+3:     It affects your strength (+3).
   Int-5:     It affects your intelligence (-5).
   Will+:     It increases your willpower.
   Regen+:    It increases your rate of health regeneration.
 z - a +6 ring of dexterity (right hand)
   (You found it on level 14 of the Dungeon)
Wands
 d - a wand of digging (1)
   (You found it on level 3 of the Elven Halls)
 q - a wand of roots (36)
   (You found it on level 6 of the Dungeon)
 r - a wand of flame (69)
   (You took it off Erolcha on level 11 of the Dungeon)
 s - a wand of paralysis (24)
   (You found it on level 3 of the Lair of Beasts)
 x - a wand of polymorph (17)
   (You found it on level 12 of the Dungeon)
 S - a wand of mindburst (32)
   (You took it off a human on level 14 of the Dungeon)
Scrolls
 c - 2 scrolls of blinking {!r}
 f - 23 scrolls of identify {@r1}
 h - 2 scrolls of poison {!r}
 i - 6 scrolls of teleportation {@r4}
 l - 8 scrolls of amnesia
 w - 4 scrolls of fear
 E - 4 scrolls of fog
 H - a scroll of brand weapon
 I - 5 scrolls of vulnerability {!r!r}
 K - 2 scrolls of enchant weapon
 V - a scroll of silence {!r}
Potions
 m - a potion of haste {@q3}
 o - a potion of ambrosia
 p - 11 potions of curing {@q1}
 u - 3 potions of enlightenment
 v - a potion of berserk rage {!q}
 B - a potion of attraction {!q}
 C - 3 potions of invisibility
 F - a potion of cancellation
 J - 5 potions of resistance
 Q - 4 potions of mutation {!q}
Miscellaneous
 P - a sack of spiders (inert)
   (You found it on level 12 of the Dungeon)
 X - a lightning rod (4/4)
   (You found it on level 4 of the Shoals)

Dungeon Overview and Level Annotations

Branches:
Dungeon (15/15)            Temple (0/1) D:7            Lair (5/5) D:9
 Shoals (4/4) Lair:2        Snake (4/4) Lair:3        Slime (0/5) Lair:4
    Orc (2/2) D:10            Elf (3/3) Orc:2        Vaults (4/5) D:14
  Crypt (0/3) Vaults:2     Depths (4/4) D:15            Zot (5/5) Depths:4
Volcano (visited)          WizLab (visited)

Altars:
Cheibriados
Elyvilon
Gozag
Hepliaklqana
Kikubaaqudgha
Makhleb
Nemelex Xobeh
Okawaru
Qazlal
Ru
Uskayaw
Vehumet
Wu Jian
The Shining One
Beogh
Jiyva

Shops:
D:5 *   D:7 ?   D:12 !   D:14 :   Orc:1 [   Orc:2 **=[   Elf:1 !   Elf:3 [!
Shoals:2 *   Shoals:3 ?!   Snake:2 **[*   Snake:3 =([   Vaults:1 *
Vaults:3 !*   Depths:4 :=*

Portals:
Hell: Depths:1
Abyss: Depths:1
Ziggurat: Depths:4

Annotations:
D:9 3 runed translucent doors, BigAl98's ghost, novice CoHu
D:14 1 runed translucent door, Agruq Axkidd's ghost, journeyman GrEE
D:15 Roxanne
Lair:3 3 runed translucent doors, Nilihum's ghost, adept DrAE
Lair:5 exclusion: obsidian statue
Orc:1 3 runed translucent doors, exclusion: obsidian statue, mopl's ghost, journeyman MiFi
Elf:2 3 runed translucent doors
Depths:2 20 runed translucent doors
Zot:5 1 exclusion

.................................
.....##....#....##############...
........#####...............[....
.........................#####...
######.####..#.....#....######...
#..# #.##.######.#..........
##.###..ß.....ß...##.....)..
#......#.....#......#######
#######.##...#..@..#..#####
#.......###..#.....#..# #.......#
#..ß...X.ß..# #.......#
#.######.##.######### #.......#
#..#....R#..........#
###..##.###...........#######.##
###.###.##.....#..X..##># #..#
#.................#.###.# ##.#
#.#.####...###...##.....# #.##


You could see the friendly SERGEY the knight (reflecting) and an Orb Guardian
(ally target).


Message History

The bolt of cold hits SERGEY!!
SERGEY resists.
The bolt of cold hits you!! 😕 HP[-24]
You take 24 damage, and now have 221/245 hp.
The Ice Fiend calls on the powers of darkness!
Your body is wracked with pain! 😮 HP[-97]
You take 97 damage, and now have 124/245 hp.
MASSIVE DAMAGE!! (PAUSE)
You swap places. 😮 HP[+1] MP[+1]
You hit the Ice Fiend.
You headbutt the Ice Fiend, but do no damage.
SERGEY hits the Ice Fiend with a +0 broad axe of speed. 😮 HP[+2]
You regained 2 hp, and now have 127/245 hp.
You slice the Ice Fiend!!
The Ice Fiend calls on the powers of darkness!
Your body is wracked with pain!
* * * LOW HITPOINT WARNING * * *
SERGEY hits the Ice Fiend with a +0 broad axe of speed! 😨 HP[-55]
You take 55 damage, and now have 72/245 hp.
MASSIVE DAMAGE!! (PAUSE)
Okay, then.
Unknown command.
You slice the Ice Fiend!! You block the Ice Fiend's attack.
The Ice Fiend misses you.
SERGEY hits the Ice Fiend with a +0 broad axe of speed! 😨 HP[+1]
You catch the helpless Ice Fiend completely off-guard!
You slice the Ice Fiend!!
You kill the Ice Fiend! 😨 HP[+1] 😨 HP[+1] MP[+1]
Your mp is fully restored (37). 😨 HP[+2]
You regained 2 hp, and now have 77/245 hp. 😨 HP[+1] 😨 HP[+1] 😨 HP[+2]
You regained 2 hp, and now have 81/245 hp. 😨 HP[+1] 😨 HP[+2]
You regained 2 hp, and now have 84/245 hp.
You are confused.
You feel invigorated. 😨 HP[+5]
You regained 5 hp, and now have 89/245 hp.
You start resting.
You feel less invigorated.
You feel less confused. 😮 HP[+46]
You regained 46 hp, and now have 135/245 hp.
Unknown command.
You are confused.
You feel invigorated. 😮 HP[+7]
You regained 7 hp, and now have 142/245 hp.
Okay, then.
Unknown command.
You start resting. 😮 HP[+4]
You regained 4 hp, and now have 146/245 hp.
Unknown command.
You start resting.
You feel less invigorated.
You feel less confused. 😮 HP[+20]
You regained 20 hp, and now have 166/245 hp.
Unknown command.
There is a stone staircase leading up here. 😮 HP[+1]
You climb upwards.
There is a stone staircase leading down here. 😮 HP[+3]
You regained 3 hp, and now have 170/245 hp.
You swap places.
An Orb Guardian comes into view. 😮 HP[+5]
You regained 5 hp, and now have 175/245 hp.
Unknown command.
The Orb Guardian moves out of view. 😮 HP[+1] 😮 HP[+1] 😮 HP[+2]
You regained 2 hp, and now have 179/245 hp. 😮 HP[+1] 😮 HP[+2]
You regained 2 hp, and now have 182/245 hp. 😮 HP[+1] SERGEY hits the Orb Guardian with a +0 broad axe of speed! 😕 HP[+1] 😕 HP[+2]
You regained 2 hp, and now have 186/245 hp.
SERGEY hits the Orb Guardian with a +0 broad axe of speed!
There is a staircase leading out of the dungeon here. 😕 HP[+1]
You have escaped!

Skill      XL: |  1  2  3  4  5  6  7  8  9 10 11 12 13 14 15 16 17 18 19 20 21 22 23 24 25 |
---------------+----------------------------------------------------------------------------+-----
Fighting       | 5 6 7 8 10 11 14 17 18 20 22 23 24 | 24.0
Long Blades    | 3 5 7 8 10 11 14 | 14.0
Armour         | 2 8 10 14 16 | 16.0
Dodging        | 2 8 12 14 | 14.0
Evocations     | 5 9 17 19 | 19.0
Shields        | 5 8 10 16 18 19 20 22 | 22.0
Invocations    | 10 12 14 20 | 20.8
Ranged Weapons | |  1.0
Unarmed Combat | |  4.0

Action                     |  1- 3 |  4- 6 |  7- 9 | 10-12 | 13-15 | 16-18 | 19-21 | 22-24 | 25-27 || total
---------------------------+-------+-------+-------+-------+-------+-------+-------+-------+-------++-------
  Melee: Falchion          |    25 |       |       |       |       |       |       |       |       ||    25
         Unarmed           |    10 |     1 |       |       |       |       |       |       |       ||    11
         Long sword        |       |    93 |   206 |   408 |  1135 |  1000 |  1562 |  2082 |   139 ||  6625
         Headbutt          |       |       |       |       |       |       |       |     6 |    49 ||    55
   Fire: Sling             |    35 |       |       |       |       |       |       |       |       ||    35
 Invoke: Ancestor Identity |       |       |     1 |       |       |       |       |       |       ||     1
         Ancestor Life: Kn |       |       |     1 |       |       |       |       |       |       ||     1
         Recall Ancestor   |       |       |       |     2 |     6 |     2 |     9 |    11 |     7 ||    37
         Idealise          |       |       |       |       |    10 |     9 |    16 |    13 |     1 ||    49
         Transference      |       |       |       |       |       |     1 |       |     1 |       ||     2
  Evoke: Wand              |       |       |     9 |    21 |    11 |     5 |     9 |    10 |     1 ||    66
         Sack of spiders   |       |       |       |       |     1 |     3 |     1 |     4 |     1 ||    10
         Lightning rod     |       |       |       |       |       |       |       |     6 |       ||     6
    Use: Potion            |     3 |       |       |     2 |     4 |     6 |     8 |    30 |     3 ||    56
         Scroll            |       |     2 |     9 |     8 |    17 |    11 |    15 |    10 |     2 ||    74
   Stab: Paralysed         |       |       |     7 |    12 |     8 |       |       |       |       ||    27
         Distracted        |       |       |     1 |     1 |     7 |    12 |    19 |    64 |     9 ||   113
         Held in net/web   |       |       |       |       |       |     1 |       |       |       ||     1
         Sleeping          |       |       |       |       |       |       |     4 |     8 |       ||    12
         Invisible         |       |       |       |       |       |       |       |     9 |       ||     9
         Confused          |       |       |       |       |       |       |       |     1 |       ||     1
 Armour: Leather armour    |    38 |       |       |       |   118 |   455 |       |       |       ||   611
         Skin              |    12 |       |       |       |       |       |       |       |       ||    12
         Ring mail         |       |    57 |   146 |     5 |       |     9 |   401 |   660 |    54 ||  1332
         Steam dragon scal |       |       |       |   305 |   492 |       |       |       |       ||   797
  Dodge: Dodged            |    34 |    58 |   155 |   239 |   679 |   444 |   663 |   807 |    39 ||  3118
  Block: Buckler           |       |       |       |   101 |   276 |       |       |       |       ||   377
         Kite shield       |       |       |       |       |     6 |   312 |       |       |       ||   318
         Tower shield      |       |       |       |       |       |   650 |  1768 |  2472 |   133 ||  5023
         Reflection        |       |       |       |       |       |    45 |   120 |    59 |     3 ||   227

Levels and vault maps discovered:
D:1:      scummos_arrival_simple_crosswalls, layout_rooms
D:2:      layout_rooms, basic_altar, shapermc_ecumenical_altar_mp_vishouse,
          minmay_misc_feat_four_crosses, minmay_distorted, uniq_terence,
          uniq_sigmund, uniq_natasha
D:3:      minmay_skewed_foursquare, layout_rooms,
          mainiacjoe_overflow_concentric_impassable, minmay_quantized,
          uniq_robin, uniq_crazy_yiuf_cottage, uniq_grinder, uniq_ijyb
D:4:      layout_rooms, mainiacjoe_overflow_alcove_4,
          pf_guarded_unrand_woodcutter
D:5:      layout_gridville, kennysheep_okawaru_gauntlet,
          mainiacjoe_overflow_24_doors, serial_shops, shop, uniq_duvessa
D:6:      layout_rooms, mainiacjoe_overflow_surrounded_room, dk_noncrumbling_4
D:7:      layout_basic, mainiacjoe_overflow_divided_tiny,
          minmay_temple_entry_sparse_star, serial_shops, shop
D:8:      layout_basic, kennysheep_boxes
D:9:      layout_rooms, dpeg_oklobed_lair, gammafunk_ghost_icy
D:10:     layout_basic, lightli_temple_of_fire, orc_0_dummy,
          kennysheep_generic_room_12, uniq_psyche
D:11:     layout_roguey, uniq_erolcha
D:12:     gammafunk_mikee_crab_dinner, layout_cave_pools, serial_shops,
          nicolae_shop_advertising_works [nicolae_subvault_shop_adworks],
          uniq_jorgrun
D:13:     layout_rooms, uniq_rupert
D:14:     layout_roguey, ximxim_vaults_locker_room, ebering_ghost_funeral_grove,
          nicolae_uskayaw_en_pointe, serial_shops, shop, uniq_louise
D:15:     gammafunk_enter_depths_forms, layout_loops_ring, elyvilon_altar_3,
          uniq_roxanne
Lair:1:   layout_cave_pods, uniq_nergalle
Lair:2:   layout_chaotic_city, nicolae_shoals_entry_roost, grunt_megastairs_3,
          serial_bayou_shore_b
Lair:3:   layout_chaotic_city, nicolae_snake_entry_squirm,
          gammafunk_ghost_hydra_chop, nicolae_volcano_entry_two_sided,
          nzn_masters_of_martial_movement
Lair:4:   layout_gridlike, minmay_slime_entry_pillars
Lair:5:   due_jungle_book, layout_small_grid
Shoals:1: layout_shoals, serial_shops, bzr_entry_dummy
Shoals:2: layout_shoals, serial_shops, nicolae_shop_overgrown_old_shop
Shoals:3: layout_shoals, serial_shops, shop, nicolae_shoals_lost_giant_pillars,
          nicolae_stop_n_shop_1, nicolae_shoals_secluded_bog
Shoals:4: shoals_end_grunt_ice, layout_shoals, uniq_polyphemus, uniq_aizul
Snake:1:  hangedman_cross_stitches, layout_misc_corridors
Snake:2:  cheibrodos_snake_lava_hold, layout_basic, serial_shops,
          nicolae_shop_window_shopping, shop, shop, nicolae_shop_tiny_glass,
          grunt_megastairs_1, uniq_saint_roka
Snake:3:  layout_onion_interference, nicolae_large_snake_swirl, minmay_shop_star
Snake:4:  johnstein_snake_rune_scales, layout_rooms, basic_altar,
          abandoned_shop, uniq_nikola
Orc:1:    layout_caves, ebering_ghost_gozag, serial_shops,
          nicolae_shop_waterfront, bh_open_orc_temple
Orc:2:    st_orc_ogre_mass, layout_caves, uniq_josephine
Elf:1:    nicolae_elf_arrival_fired_up, layout_loops_corners, serial_shops,
          shop, hangedman_elf_disciples, minivault_24, laboratory
Elf:2:    elven_hall_of_blades_hangedman_original
          [nicolae_blade_entry_antechamber], layout_geoelf_diagonals
Elf:3:    nooodl_elf_gasket, layout_gridlike, serial_shops, shop,
          nicolae_shop_industrial_runoff, minivault_16, nicolae_letterblocks
          [nicolae_letter_subblock, nicolae_letter_subblock,
          nicolae_letter_subblock, nicolae_letter_subblock,
          nicolae_letter_subblock, nicolae_letter_subblock,
          nicolae_letter_subblock, nicolae_letter_subblock,
          nicolae_letter_subblock, nicolae_letter_subblock,
          nicolae_letter_subblock, nicolae_letter_subblock,
          nicolae_letter_subblock, nicolae_letter_subblock,
          nicolae_letter_subblock, nicolae_letter_subblock,
          nicolae_letter_subblock, nicolae_letter_subblock,
          nicolae_letter_subblock, nicolae_letter_subblock,
          nicolae_letter_subblock, nicolae_letter_subblock,
          nicolae_letter_subblock, nicolae_letter_subblock,
          nicolae_letter_subblock]
Vaults:1: v_misc_13, vaults_mumra_minichess_inversion,
          nicolae_vaults_closet_pinwheel_3, nicolae_vaults_tetromino_Z_2,
          nicolae_vaults_shelves_hall, nicolae_vaults_halls_meeting,
          nicolae_vaults_heist, nicolae_vaults_house_3,
          nicolae_vaults_tetromino_Z_1, v_misc_19, v_misc_27,
          nicolae_vaults_what_the_h, nicolae_vaults_sealed_display,
          vaults_room_pool, nicolae_vaults_little_ls, layout_vaults_ring,
          serial_shops, shop
Vaults:2: minmay_crypt_entry_simple_sparse, vaults_mumra_hexcomb,
          nicolae_vaults_closet_pinwheel_4, nicolae_vaults_closet_pinwheel_1,
          dpeg_vaults_monster_box, nicolae_vaults_corridor_and_loot_room,
          ontoclasm_vaults_idyll, v_misc_11, v_misc_26,
          nicolae_vaults_trapezoid_lopsided_1, layout_vaults_big_room,
          serial_shops, bzr_entry_road
Vaults:3: nicolae_vaults_big_ls, nicolae_vaults_network_periphery,
          nicolae_vaults_wrenched, hangedman_vaults_unwind,
          nicolae_vaults_meiosis, hangedman_vaults_nodes, grunt_vaults_focal,
          tekkud_shop_of_orbs, nicolae_vaults_swerve,
          nicolae_vaults_tetromino_L_1, layout_vaults_omnibox, serial_shops,
          shop, uniq_frederick, uniq_xtahua
Vaults:4: nicolae_vaults_trapezoid_3, hangedman_vaults_stitches,
          nicolae_vaults_closet_pinwheel_1, nicolae_vaults_storage_closets_3,
          v_misc_14, nicolae_vaults_big_angled_halls,
          vaults_standard_mumra_enter_the_diamond, ontoclasm_vaults_ring_small,
          nicolae_vaults_trapezoid_1, nicolae_vaults_border_crossing,
          hangedman_vaults_hard_town_square, hangedman_vaults_slice,
          nicolae_vaults_tetromino_Z_1, layout_vaults_big_cross
Depths:1: layout_basic, kennysheep_cluttered_room, mu_enter_wizlab_4,
          hell_entry, minmay_room_of_horrors, nemelex_spade_bored_becter
Depths:2: kennysheep_oblong_rooms, layout_cave_pools, minmay_crystal_room,
          pf_hell_entry_tar_river, grunt_pan_entry_spiral,
          hangedman_abyss_entry_splay, serial_bayou_pond_d, reverse_door_vault,
          uniq_josephina, uniq_norris, uniq_boris
Depths:3: evilmike_diamond_2, layout_cave_pools, abyss_entry_glasseish,
          ebering_dispersal_statue_hall, hell_entry, rand_demon_pan_entry_5,
          minmay_staircase_bubble, uniq_vv
Depths:4: grunt_crosshair, layout_basic, enter_ziggurat_d,
          pf_dread_powers_of_hell, pan_entry, serial_shops,
          nicolae_lakefront_shop, kennysheep_doodads, minmay_the_grid_2x2
          [minmay_the_grid_odd_star, minmay_the_grid_outer_circle,
          minmay_the_grid_outer_diamond,
          minmay_the_grid_prize_four_corners_diamond_b], minmay_shop_grove
Zot:1:    regret_index_malice_mire, layout_onion, uniq_grunn
Zot:2:    grunt_zot_stairs_mandelzot, layout_basic
Zot:3:    infiniplex_zot_generator, layout_twisted_circle,
          nicolae_zig_zag_zippers
Zot:4:    layout_twisted_circle, skrybe_zot_glass_1
Zot:5:    layout_twisted_circle, st_stairs_6

Notes
Turn   | Place    | Note
-------+----------+-------------------------------------------
     0 | D:1      | MackTheKnife the Mountain Dwarf Wanderer began the quest
                  | for the Orb.
     0 | D:1      | MackTheKnife set off with the following items: a +1 sling,
                  | a potion of might, a scroll of blinking {!r}, a potion of
                  | lignification {!q}, a +0 leather armour.
     0 | D:1      | Reached XP level 1. HP: 22/22 MP: 1/1
     0 | D:1      | magus.rc [v1.9.6]
   183 | D:1      | Reached XP level 2. HP: 12/28 MP: 2/2
   325 | D:1      | Reached skill level 5 in Fighting
   631 | D:2      | Noticed Terence
   634 | D:2      | Noticed Natasha
   640 | D:2      | Killed Terence
   641 | D:2      | Reached XP level 3. HP: 37/37 MP: 3/3
   643 | D:2      | Killed Natasha
   644 | D:2      | Reached skill level 6 in Fighting
   650 | D:2      | Reached XP level 4. HP: 37/44 MP: 4/4
   892 | D:2      | Reached skill level 1 in Long Blades
   910 | D:2      | You pick up a book of Conjurations {@e2} and begin
                  | reading...
   910 | D:2      | You add the spells Magic Dart, Searing Ray and Fulminant
                  | Prism to your library.
   965 | D:2      | Noticed Sigmund
   976 | D:2      | Killed Sigmund
   977 | D:2      | Reached skill level 3 in Long Blades
   977 | D:2      | Reached XP level 5. HP: 42/50 MP: 5/5
   977 | D:2      | Reached XP level 6. HP: 47/57 MP: 6/6
  1010 | D:2      | Found a white marble altar of Elyvilon.
  1165 | D:2      | Noticed Natasha
  1172 | D:2      | Killed Natasha
  1173 | D:2      | Reached skill level 4 in Long Blades
  1298 | D:2      | Found a faded altar of an unknown god.
  1364 | D:3      | Noticed Ijyb
  1375 | D:3      | Killed Ijyb
  1579 | D:3      | Found a hazy altar of Hepliaklqana.
  1589 | D:3      | Noticed Robin
  1612 | D:3      | Killed Robin
  1803 | D:3      | Reached skill level 5 in Long Blades
  1952 | D:3      | Became a worshipper of Hepliaklqana the Forgotten
  2045 | D:3      | Found a runed translucent door.
  2046 | D:3      | Noticed Crazy Yiuf
  2141 | D:3      | Killed Crazy Yiuf
  2253 | D:3      | Reached XP level 7. HP: 57/63 MP: 7/7
  2301 | D:3      | Noticed Grinder
  2309 | D:3      | Killed Grinder
  2310 | D:3      | Reached skill level 6 in Long Blades
  2718 | D:4      | Reached skill level 7 in Long Blades
  2745 | D:4      | Reached XP level 8. HP: 38/70 MP: 8/8
  2978 | D:4      | Found a glowing golden altar of the Shining One.
  3028 | D:5      | Entered Level 5 of the Dungeon
  3036 | D:5      | Reached * piety under Hepliaklqana
  3053 | D:5      | Found Mouryw's General Store.
  3060 | D:5      | Bought a scroll of teleportation for 36 gold pieces
  3105 | D:5      | Found an iron altar of Okawaru.
  3258 | D:5      | Reached skill level 8 in Long Blades
  3258 | D:5      | Reached skill level 1 in Armour
  3274 | D:5      | Noticed Duvessa
  3283 | D:5      | Killed Duvessa
  3284 | D:5      | Reached skill level 2 in Armour
  3284 | D:5      | Reached skill level 1 in Dodging
  3286 | D:5      | Noticed Dowan
  3292 | D:5      | Killed Dowan
  3566 | D:5      | Reached skill level 2 in Dodging
  3646 | D:5      | Found a sacrificial altar of Ru.
  3742 | D:5      | You pick up a book of Party Tricks and begin reading...
  3742 | D:5      | You add the spells Apportation, Jinxbite and Alistair's
                  | Intoxication to your library.
  3999 | D:6      | Reached skill level 7 in Fighting
  4172 | D:6      | Found a radiant altar of Vehumet.
  4199 | D:6      | Reached XP level 9. HP: 71/71 MP: 9/9
  4337 | D:6      | Reached skill level 9 in Long Blades
  4393 | D:6      | Reached skill level 8 in Fighting
  4688 | D:7      | Found a staircase to the Ecumenical Temple.
  4755 | D:7      | Identified the +6 plate armour of Bevaf {rF+++ rN+ Int+3
                  | Dex-3}
  4762 | D:7      | Found Ithryvieps's Magic Scroll Emporium.
  4829 | D:7      | Found a stormy altar of Qazlal.
  4830 | D:7      | Found a snail-covered altar of Cheibriados.
  4869 | D:7      | Reached ** piety under Hepliaklqana
  4874 | D:7      | Remembered your ancestor SERGEY as a knight
  4985 | D:7      | Reached skill level 2 in Evocations
  5431 | D:8      | Reached skill level 3 in Evocations
  5529 | D:8      | Reached skill level 10 in Long Blades
  5529 | D:8      | Reached skill level 4 in Evocations
  5534 | D:8      | Reached skill level 5 in Evocations
  5725 | D:8      | Reached XP level 10. HP: 53/81 MP: 10/10
  5729 | D:8      | HP: 20/81 [poisoned by a gnoll]
  6008 | D:8      | Identified the ring of Makhleb's Whim {rN+ Int+6}
  6366 | D:8      | Reached skill level 9 in Fighting
  7168 | D:9      | Reached skill level 2 in Shields
  7197 | D:9      | Noticed BigAl98's ghost (novice CoHu)
  7266 | D:9      | Found a runed translucent gate.
  7266 | D:9      | Found a runed translucent gate.
  7266 | D:9      | Found a runed translucent gate.
  7307 | D:9      | Found a staircase to the Lair.
  7319 | D:9      | Reached skill level 3 in Shields
  7831 | D:10     | Entered Level 10 of the Dungeon
  7835 | D:10     | Reached *** piety under Hepliaklqana
  7861 | D:10     | Reached skill level 4 in Shields
  7937 | D:10     | Noticed a two-headed ogre
  7954 | D:10     | Killed a two-headed ogre
  7955 | D:10     | Reached skill level 5 in Shields
  7955 | D:10     | Reached skill level 11 in Long Blades
  8095 | D:10     | Noticed Psyche
  8109 | D:10     | Killed Psyche
  8110 | D:10     | Reached skill level 10 in Fighting
  8248 | D:10     | Found a staircase to the Orcish Mines.
  8391 | D:10     | Found a burning altar of Makhleb.
  8683 | D:10     | Reached XP level 11. HP: 75/89 MP: 11/11
  8722 | D:10     | Noticed a two-headed ogre
  8727 | D:10     | Killed a two-headed ogre
  8728 | D:10     | Reached skill level 12 in Long Blades
  9554 | Lair:1   | Entered Level 1 of the Lair of Beasts
  9611 | Lair:1   | Reached skill level 13 in Long Blades
  9943 | Lair:1   | magus.rc [v1.9.6]
 10082 | Lair:1   | You pick up a book of Sloth and begin reading...
 10082 | Lair:1   | You add the spells Leda's Liquefaction, Petrify and
                  | Metabolic Englaciation to your library.
 10176 | Lair:1   | Reached skill level 14 in Long Blades
 10318 | Lair:1   | Noticed Nergalle
 10330 | Lair:1   | Killed Nergalle
 10354 | Lair:1   | Reached skill level 11 in Fighting
 10729 | Lair:1   | Reached **** piety under Hepliaklqana
 10746 | Lair:1   | You pick up a book of Debilitation and begin reading...
 10746 | Lair:1   | You add the spells Slow, Vampiric Draining and Confusing
                  | Touch to your library.
 10981 | Lair:1   | Reached XP level 12. HP: 99/99 MP: 12/12
 11066 | Lair:2   | Noticed a boulder beetle
 11079 | Lair:2   | Killed a boulder beetle
 11080 | Lair:2   | Reached skill level 12 in Fighting
 11299 | Lair:2   | Found a staircase to the Shoals.
 11453 | Lair:2   | Noticed a seven-headed hydra
 11463 | Lair:2   | Killed a seven-headed hydra
 11464 | Lair:2   | Reached skill level 13 in Fighting
 12081 | Lair:3   | Noticed an 11-headed hydra
 12081 | Lair:3   | Noticed Nilihum's ghost (adept DrAE)
 12081 | Lair:3   | Noticed a ten-headed hydra
 12081 | Lair:3   | Found a runed translucent gate.
 12081 | Lair:3   | Found a runed translucent gate.
 12081 | Lair:3   | Found a runed translucent gate.
 12097 | Lair:3   | Noticed a boulder beetle
 12102 | Lair:3   | Noticed an eight-headed hydra
 12103 | Lair:3   | Killed a boulder beetle
 12104 | Lair:3   | Reached skill level 14 in Fighting
 12104 | Lair:3   | Reached skill level 2 in Invocations
 12107 | Lair:3   | Reached skill level 3 in Invocations
 12112 | Lair:3   | Reached skill level 4 in Invocations
 12116 | Lair:3   | Reached skill level 5 in Invocations
 12123 | Lair:3   | Killed an eight-headed hydra
 12124 | Lair:3   | Reached skill level 6 in Invocations
 12129 | Lair:3   | Reached skill level 7 in Invocations
 12140 | Lair:3   | Reached skill level 8 in Invocations
 12157 | Lair:3   | You pick up a book of Necromancy and begin reading...
 12157 | Lair:3   | You add the spells Necrotise, Martyr's Knell and Curse of
                  | Agony to your library.
 12165 | Lair:3   | Found a dark tunnel.
 12174 | Volcano  | Entered a volcano
 12463 | Volcano  | Found a burning altar of Makhleb.
 12463 | Volcano  | Noticed a two-headed ogre
 12463 | Volcano  | Noticed a two-headed ogre
 12463 | Volcano  | Noticed an ogre mage
 12463 | Volcano  | Noticed a two-headed ogre
 12468 | Volcano  | Killed a two-headed ogre
 12470 | Volcano  | Killed an ogre mage
 12470 | Volcano  | Killed a two-headed ogre
 12471 | Volcano  | Reached skill level 9 in Invocations
 12471 | Volcano  | Noticed a two-headed ogre
 12476 | Volcano  | Killed a two-headed ogre
 12477 | Volcano  | Reached skill level 10 in Invocations
 12477 | Volcano  | Reached XP level 13. HP: 111/111 MP: 18/20
 12542 | Volcano  | Noticed a red draconian
 12552 | Volcano  | Killed a red draconian
 12683 | Volcano  | Reached skill level 11 in Invocations
 12789 | Lair:3   | Reached ***** piety under Hepliaklqana
 12847 | Lair:3   | Gained mutation: You occasionally lose the ability to drink
                  | potions when taking damage. [potion of mutation]
 12847 | Lair:3   | Gained mutation: You are weak. (Str -2) [potion of
                  | mutation]
 12847 | Lair:3   | Gained mutation: You are strong-willed. (Will+) [potion of
                  | mutation]
 12854 | Lair:3   | Identified the +10 shortbow of Circularity {heavy, rN+
                  | Str+3}
 12857 | Lair:3   | Lost mutation: You are strong-willed. (Will+) [potion of
                  | mutation]
 12857 | Lair:3   | Lost mutation: You occasionally lose the ability to drink
                  | potions when taking damage. [potion of mutation]
 12857 | Lair:3   | Lost mutation: You are weak. (Str -2) [potion of mutation]
 12857 | Lair:3   | Gained mutation: You passively map a small area around you.
                  | [potion of mutation]
 12857 | Lair:3   | Gained mutation: You expend magic power (3 MP) to
                  | strengthen your wands. [potion of mutation]
 12857 | Lair:3   | Gained mutation: Your mind is acute. (Int +4, Str/Dex -1)
                  | [potion of mutation]
 12990 | Lair:3   | Found a staircase to the Snake Pit.
 13251 | Lair:3   | Found an ornate altar of the Wu Jian Council.
 13251 | Lair:3   | Found a hide-covered altar of Uskayaw.
 13706 | Lair:4   | Found a staircase to the Slime Pits.
 13706 | Lair:4   | Found a viscous altar of Jiyva.
 14070 | Lair:4   | Reached skill level 12 in Invocations
 14493 | Lair:4   | Reached skill level 3 in Armour
 14625 | Lair:5   | Entered Level 5 of the Lair of Beasts
 14805 | Lair:5   | You pick up a book of Lightning and begin reading...
 14805 | Lair:5   | You add the spells Vhi's Electric Charge, Arcjolt and
                  | Plasma Beam to your library.
 14825 | Lair:5   | You pick up a book of Transmutation and begin reading...
 14825 | Lair:5   | You add the spells Sublimation of Blood and Irradiate to
                  | your library.
 14843 | Lair:5   | Reached skill level 6 in Shields
 14857 | Lair:5   | Reached skill level 4 in Armour
 15056 | Lair:5   | Noticed a dire elephant
 15126 | Lair:5   | Identified the +2 robe "Esurud" {Str+2 Int+3}
 15215 | Lair:5   | Reached skill level 5 in Armour
 15215 | Lair:5   | Reached skill level 7 in Shields
 15284 | Lair:5   | Killed a dire elephant
 15561 | Lair:5   | Reached skill level 6 in Armour
 15662 | Lair:5   | Reached skill level 8 in Shields
 15680 | Lair:5   | Identified the +1 helmet of the Shouting Gods {rPois Dex+4
                  | SInv}
 15755 | Lair:5   | Reached skill level 7 in Armour
 15844 | Lair:5   | Reached ****** piety under Hepliaklqana
 16079 | Lair:5   | Reached skill level 8 in Armour
 16647 | Lair:5   | Reached XP level 14. HP: 118/118 MP: 23/23
 16727 | Lair:5   | Reached skill level 9 in Armour
 16843 | Orc:1    | Entered Level 1 of the Orcish Mines
 16966 | Orc:1    | Found a roughly hewn altar of Beogh.
 17171 | Orc:1    | Found a runed translucent gate.
 17171 | Orc:1    | Found a runed translucent gate.
 17171 | Orc:1    | Found a runed translucent gate.
 17173 | Orc:1    | Found an opulent altar of Gozag.
 17191 | Orc:1    | Noticed mopl's ghost (journeyman MiFi)
 17486 | Orc:1    | Found Usep's Antique Armour Shoppe.
 17521 | Orc:1    | Reached skill level 10 in Armour
 17711 | Orc:2    | Entered Level 2 of the Orcish Mines
 18016 | Orc:2    | Reached skill level 3 in Dodging
 18025 | Orc:2    | Found Nucie's Jewellery Boutique.
 18025 | Orc:2    | Found Tuomu's Assorted Antiques.
 18025 | Orc:2    | Found Ruijuda's Antique Armour Emporium.
 18025 | Orc:2    | Found Enued's Assorted Antiques.
 18316 | Orc:2    | Reached skill level 4 in Dodging
 18355 | Orc:2    | Reached skill level 5 in Dodging
 18704 | Orc:1    | HP: 23/118 [two-headed ogre/+0 giant club (19)]
 19208 | Orc:2    | Reached skill level 6 in Dodging
 19308 | Orc:2    | Noticed Josephine
 19316 | Orc:2    | Killed Josephine
 19438 | Orc:2    | Reached skill level 7 in Dodging
 19604 | Orc:2    | Found a staircase to the Elven Halls.
 19626 | Orc:2    | Bought a +5 ring of evasion for 576 gold pieces
 19626 | Orc:2    | Bought a ring of willpower for 400 gold pieces
 19632 | Orc:2    | Bought a distressingly furry plate armour for 868 gold
                  | pieces
 19632 | Orc:2    | Identified the +3 plate armour of Context {Harm SInv} (You
                  | bought it in a shop on level 2 of the Orcish Mines)
 19985 | Orc:1    | Bought a runed cloak for 180 gold pieces
 20197 | D:11     | You pick up a book of Frost and begin reading...
 20197 | D:11     | You add the spells Freeze, Frozen Ramparts and Hailstorm to
                  | your library.
 20601 | D:11     | You pick up a book of Scorching and begin reading...
 20601 | D:11     | You add the spells Scorch, Flame Wave and Summon Cactus
                  | Giant to your library.
 20650 | D:11     | Noticed Erolcha
 20665 | D:11     | Killed Erolcha
 20961 | D:12     | Reached skill level 8 in Dodging
 21033 | D:12     | Noticed Jorgrun
 21046 | D:12     | Killed Jorgrun
 21286 | D:12     | Found Qutok's Distillery.
 21300 | D:12     | Reached XP level 15. HP: 118/125 MP: 24/24
 21413 | D:12     | Found a runed translucent door.
 21822 | D:12     | Reached skill level 15 in Fighting
 22557 | D:13     | Noticed Rupert
 22560 | D:12     | magus.rc [v1.9.6]
 22569 | D:13     | Killed Rupert
 22648 | D:13     | Identified the +2 leather armour "Igaur" {rF++}
 22686 | D:13     | Reached skill level 16 in Fighting
 23414 | D:14     | Noticed Louise
 23426 | D:14     | Killed Louise
 23476 | D:14     | Found Pojohurch's Book Shop.
 23853 | D:14     | Reached skill level 17 in Fighting
 23989 | D:14     | Found a hide-covered altar of Uskayaw.
 24192 | D:14     | Found a runed translucent door.
 24192 | D:14     | Noticed Agruq Axkidd's ghost (journeyman GrEE)
 24193 | D:14     | Identified the +1 spear of Fragile Peace {spect, rCorr
                  | Str+4}
 24313 | D:14     | Reached skill level 9 in Shields
 24383 | D:14     | Found a gate to the Vaults.
 24528 | D:15     | Entered Level 15 of the Dungeon
 24870 | D:15     | Reached skill level 10 in Shields
 25405 | D:15     | Reached XP level 16. HP: 41/141 MP: 19/25
 25803 | D:15     | Found a staircase to the Depths.
 25868 | D:15     | Found a white marble altar of Elyvilon.
 25945 | D:15     | Noticed Roxanne
 26286 | Snake:1  | Entered Level 1 of the Snake Pit
 26313 | Snake:1  | Reached skill level 18 in Fighting
 26315 | Snake:1  | Reached skill level 11 in Shields
 26836 | Snake:1  | Reached skill level 12 in Shields
 27192 | Snake:1  | You pick up a book of the Spheres and begin reading...
 27192 | Snake:1  | You add the spells Brom's Barrelling Boulder, Iskenderun's
                  | Battlesphere, Fireball, Conjure Ball Lightning and Orb of
                  | Destruction to your library.
 27288 | Snake:1  | Reached skill level 13 in Shields
 27734 | Snake:1  | magus.rc [v1.9.6]
 27991 | Snake:2  | You pick up a book of Spectacle and begin reading...
 27991 | Snake:2  | You add the spells Dazzling Flash, Starburst and Maxwell's
                  | Capacitive Coupling to your library.
 28174 | Snake:2  | Noticed Saint Roka
 28197 | Snake:2  | HP: 22/141 [Saint Roka/+2 long sword of electrocution (18)]
 28203 | Snake:2  | HP: 29/141 [Saint Roka/divine providence (8)]
 28205 | Snake:2  | Killed Saint Roka
 28206 | Snake:2  | Reached skill level 14 in Shields
 28380 | Snake:2  | Found Atiuvaeho's Antique Armour Shop.
 28387 | Snake:2  | Bought a bloodstained cloak for 323 gold pieces
 28387 | Snake:2  | Identified the +3 cloak "Yzoguwk" {rPois Str+3} (You bought
                  | it in a shop on level 2 of the Snake Pit)
 28412 | Snake:2  | Found Ylun's Assorted Antiques.
 28796 | Snake:2  | Found Zaennym's Assorted Antiques.
 28875 | Snake:2  | Found Vitikat's General Store.
 29454 | Snake:2  | Reached skill level 15 in Shields
 29879 | Snake:3  | Found Coel's Armour Emporium.
 29883 | Snake:3  | Found Jeiv's Weapon Shoppe.
 29897 | Snake:3  | Found Dup Isuk's Jewellery Emporium.
 29990 | Snake:3  | Reached skill level 16 in Shields
 30167 | Snake:3  | Reached XP level 17. HP: 128/149 MP: 26/26
 30292 | Snake:3  | HP: 33/149 [naga warrior/+0 scimitar (14)]
 30349 | Snake:3  | HP: 29/149 [naga warrior/+0 war axe (11)]
 30726 | Snake:3  | Identified the +11 mace "Doticsoo" {elec, Int+6}
 31189 | Snake:4  | Entered Level 4 of the Snake Pit
 31481 | Snake:4  | Reached skill level 19 in Fighting
 31536 | Snake:4  | Noticed Nikola
 31560 | Snake:4  | Killed Nikola
 31665 | Snake:4  | HP: 30/151 [nagaraja/+0 whip of holy wrath (34)]
 31985 | Snake:4  | Found an ancient bone altar of Kikubaaqudgha.
 32082 | Snake:4  | Reached skill level 17 in Shields
 32510 | Snake:3  | HP: 36/152 [constriction (8)]
 32997 | Snake:4  | Reached skill level 20 in Fighting
 33325 | Snake:4  | Reached skill level 18 in Shields
 33433 | Snake:4  | Got a serpentine rune of Zot
 33673 | Elf:1    | Entered Level 1 of the Elven Halls
 33964 | Elf:1    | Found Quschyhis's Distillery.
 34178 | Elf:1    | Reached XP level 18. HP: 160/160 MP: 22/27
 34217 | Elf:1    | Identified the +7 long sword "Killer Bee's Curse" {drain,
                  | *Noise rElec Dex+5}
 34394 | Elf:1    | Paralysed by an air elemental for 1 turns
 34745 | Elf:1    | Found the +9 staff of Olgreb {rPois∞}
 34748 | Elf:1    | Identified the amulet of Untruth {Harm RegenMP+ Int+2
                  | Dex+3}
 34751 | Elf:1    | Identified the +2 ring mail of Wauthot {rF++ Str+3}
 35170 | Elf:2    | Reached skill level 19 in Shields
 35380 | Elf:2    | Identified a potion of experience
 35381 | Elf:2    | Reached XP level 19. HP: 166/166 MP: 28/28
 35501 | Elf:2    | Reached skill level 20 in Shields
 35629 | Elf:2    | Found a runed translucent gate.
 35629 | Elf:2    | Found a runed translucent gate.
 35629 | Elf:2    | Found a runed translucent gate.
 36159 | Elf:3    | Entered Level 3 of the Elven Halls
 36194 | Elf:3    | You pick up a book of Burglary and begin reading...
 36194 | Elf:3    | You add the spells Ensorcelled Hibernation, Swiftness and
                  | Passwall to your library.
 36195 | Elf:3    | Found Woonia's Antique Armour Shop.
 36210 | Elf:3    | Bought a pair of glowing gloves for 232 gold pieces
 36349 | Elf:3    | Reached skill level 9 in Dodging
 37110 | Elf:3    | Found Jylareuth's Distillery.
 37297 | Elf:3    | Bought a potion of heal wounds for 90 gold pieces
 37297 | Elf:3    | Bought a potion of heal wounds for 90 gold pieces
 37435 | Elf:3    | Identified the +1 leather armour of the Planets {rF+ Will-
                  | Str+3 Int+3}
 37450 | Elf:3    | Identified the +11 quarterstaff of Clean Guilt {antimagic,
                  | Fly rF- Int+2 Dex+3}
 37541 | Elf:3    | Identified the +9 whip "Vatwecev" {flame, *Rage rPois
                  | rCorr}
 37544 | Elf:3    | Reached skill level 10 in Dodging
 37551 | Elf:3    | Identified the +6 long sword of Unreason {freeze, rF+}
 37739 | Elf:3    | HP: 38/159 [ghostly deep elf death mage/staff of cold (29)]
 37744 | Elf:3    | Identified the +0 ring mail of Nyzol {Harm}
 38035 | Elf:3    | Identified the +9 morningstar "Qiwkawy" {flame, rN+ Dex+3}
 38035 | Elf:3    | Identified the +2 robe "Inyhuhy" {^Drain rC- Int+8}
 38035 | Elf:3    | Identified the amulet "Caime" {Faith Str+3 SInv Stlth+}
 38115 | Elf:3    | HP: 28/166 [deep elf high priest/damnation (15)]
 38430 | Elf:3    | Reached skill level 11 in Dodging
 38445 | Elf:3    | Noticed a Tzitzimitl
 38564 | Elf:3    | a deep elf sorcerer comes into view. It is wielding the +3
                  | Elemental Staff {ele, rElec rF+ rC+ AC+3}.
 38773 | Elf:3    | You pick up a book of Callings and begin reading...
 38773 | Elf:3    | You add the spells Summon Small Mammal, Call Canine
                  | Familiar and Summon Blazeheart Golem to your library.
 38790 | Elf:3    | Identified the +6 halberd "Lorcho Mealoch" {heavy, Str+3
                  | Dex+5}
 39063 | Elf:3    | Reached skill level 12 in Dodging
 39069 | Elf:3    | You pick up a book of Power and begin reading...
 39069 | Elf:3    | You add the spells Bombard and Spellforged Servitor to your
                  | library.
 39129 | Elf:3    | You pick up a book of Armaments and begin reading...
 39129 | Elf:3    | You add the spells Stone Arrow, Animate Armour and
                  | Lehudib's Crystal Spear to your library.
 39209 | Elf:3    | You add the spells Malign Gateway and Summon Horrible
                  | Things to your library.
 39211 | Elf:3    | Got the Papyrus of Space
 39219 | Elf:3    | You pick up a book of Flames and begin reading...
 39219 | Elf:3    | You add the spells Inner Flame and Sticky Flame to your
                  | library.
 39619 | Vaults:1 | Entered Level 1 of the Vaults
 39620 | Vaults:1 | magus.rc [v1.9.6]
 39667 | Vaults:1 | Reached XP level 20. HP: 161/173 MP: 29/29
 40007 | Vaults:1 | Reached skill level 11 in Armour
 40701 | Vaults:1 | Reached skill level 12 in Armour
 40963 | Vaults:1 | Reached skill level 13 in Armour
 41081 | Vaults:1 | Found Haevell's General Store.
 41088 | Vaults:1 | Bought a scroll of teleportation for 45 gold pieces
 41410 | Vaults:2 | Reached skill level 14 in Armour
 41479 | Vaults:2 | HP: 24/168 [war gargoyle/+2 flail of protection[a
                  | peacekeeper] (32)]
 41480 | Vaults:2 | HP: 7/168 [war gargoyle/spray of metal splinters[a
                  | peacekeeper] (17)]
 41483 | Vaults:2 | Found a flickering gateway to a bazaar.
 41486 | Bazaar   | Entered a bazaar
 41840 | Bazaar   | Found Famol's Distillery.
 41840 | Bazaar   | Found Ziot Sie's Book Shoppe.
 41845 | Bazaar   | Bought a potion of heal wounds for 90 gold pieces
 41845 | Bazaar   | Bought a potion of heal wounds for 90 gold pieces
 41861 | Bazaar   | Found Dosuli's Jewellery Emporium.
 41861 | Bazaar   | Found Ireixoam's Antique Armour Shoppe.
 41894 | Bazaar   | Found Ofodwid's Book Shoppe.
 41974 | Bazaar   | Bought 2 potions of mutation for 288 gold pieces
 41974 | Bazaar   | Bought a potion of mutation for 144 gold pieces
 41974 | Bazaar   | Lost mutation: You expend magic power (3 MP) to strengthen
                  | your wands. [potion of mutation]
 41974 | Bazaar   | Lost mutation: You passively map a small area around you.
                  | [potion of mutation]
 41974 | Bazaar   | Lost mutation: Your mind is acute. (Int +4, Str/Dex -1)
                  | [potion of mutation]
 41974 | Bazaar   | Gained mutation: You have supernaturally acute eyesight.
                  | (SInv) [potion of mutation]
 41974 | Bazaar   | Gained mutation: You are strong-willed. (Will+) [potion of
                  | mutation]
 41974 | Bazaar   | Gained mutation: Your spells are a little easier to cast,
                  | but a little less powerful. [potion of mutation]
 42309 | Vaults:2 | Found a staircase to the Crypt.
 42687 | Vaults:2 | Reached skill level 21 in Fighting
 43729 | D:7      | Bought a scroll of blinking for 90 gold pieces
 43729 | D:7      | Bought 3 scrolls of teleportation for 108 gold pieces
 43729 | D:7      | Bought a scroll of teleportation for 36 gold pieces
 44192 | Vaults:3 | Identified the orb of Twilight {light, Harm Dex+4}
 44193 | Vaults:3 | Noticed Frederick
 44381 | Vaults:3 | Reached skill level 22 in Fighting
 44573 | Vaults:3 | Noticed Xtahua
 44601 | Vaults:3 | Killed Xtahua
 44602 | Vaults:3 | Reached XP level 21. HP: 94/186 MP: 30/30
 44855 | Vaults:3 | You fall into a shaft and drop 1 floor!
 44891 | Vaults:4 | Got the Handbook of the Amassed Pyromaniac
 45402 | Vaults:4 | Reached skill level 13 in Dodging
 45692 | Vaults:4 | You pick up a book of Cantrips and begin reading...
 45827 | Vaults:4 | You pick up a book of Weapons and begin reading...
 45827 | Vaults:4 | You add the spells Tukima's Dance and Dimensional Bullseye
                  | to your library.
 46289 | Vaults:4 | Reached skill level 14 in Dodging
 46587 | Vaults:3 | Killed Frederick
 46761 | Vaults:3 | Found Naan's Globular Garage.
 46814 | Vaults:3 | Reached skill level 23 in Fighting
 47115 | Vaults:3 | Found Kiamu's Distillery.
 47798 | Shoals:1 | Entered Level 1 of the Shoals
 47851 | Shoals:1 | Found a flickering gateway to a bazaar.
 47884 | Bazaar   | Entered a bazaar
 47905 | Bazaar   | Found Lokuen's Antique Weapon Boutique.
 47919 | Bazaar   | Found Gadott's General Store.
 47933 | Bazaar   | Found Tymim's Jewellery Boutique.
 47947 | Bazaar   | Found Sijit's Jewellery Shop.
 47961 | Bazaar   | Found Dobbaj's Antique Armour Boutique.
 47969 | Bazaar   | Bought a pair of runed gloves for 217 gold pieces
 47976 | Bazaar   | Found Hamazi's Jewellery Shop.
 48060 | Bazaar   | Bought 2 potions of heal wounds for 90 gold pieces
 48060 | Bazaar   | Bought a scroll of revelation for 67 gold pieces
 48460 | Shoals:1 | You add the spells Olgreb's Toxic Radiance, Ozocubu's
                  | Refrigeration and Discord to your library.
 48683 | Shoals:2 | Reached XP level 22. HP: 199/199 MP: 31/31
 48698 | Shoals:2 | Reached skill level 24 in Fighting
 48838 | Shoals:2 | You pick up a book of the Dragon and begin reading...
 48838 | Shoals:2 | You add the spells Cause Fear and Dragon's Call to your
                  | library.
 48859 | Shoals:2 | Found Kory's Assorted Antiques.
 48889 | Shoals:2 | Bought a scroll of revelation for 225 gold pieces
 49461 | Shoals:2 | magus.rc [v1.9.6]
 49490 | Shoals:3 | Found Idahoe Cots's Distillery.
 49510 | Shoals:3 | Bought a potion of heal wounds for 70 gold pieces
 49602 | Shoals:3 | You pick up a book of Chaos and begin reading...
 49705 | Shoals:3 | Found Osit's Magic Scroll Emporium.
 49728 | Shoals:3 | Bought a scroll of revelation for 97 gold pieces
 50299 | Shoals:4 | Entered Level 4 of the Shoals
 50304 | Shoals:4 | Identified the serpent talisman "Maqulaq" {Slay+5}
 50304 | Shoals:4 | Noticed Aizul
 50315 | Shoals:4 | Killed Aizul
 50372 | Shoals:4 | Reached skill level 15 in Armour
 50946 | Shoals:4 | Got a barnacled rune of Zot
 51229 | Shoals:4 | Noticed Polyphemus
 51240 | Shoals:4 | Killed Polyphemus
 51241 | Shoals:4 | Reached skill level 21 in Shields
 51611 | Shoals:4 | You pick up a book of Flames and begin reading...
 52171 | Depths:1 | Entered Level 1 of the Depths
 52173 | Depths:1 | Found a gateway to Hell.
 52250 | Depths:1 | Found a magical portal.
 52259 | WizLab   | Entered Borgnjor's Mausoleum
 52316 | WizLab   | Reached skill level 16 in Armour
 52682 | WizLab   | Reached skill level 22 in Shields
 52819 | WizLab   | You pick up a book of Touch and begin reading...
 52819 | WizLab   | You add the spells Kiss of Death and Dispel Undead to your
                  | library.
 52821 | WizLab   | You pick up a book of Wicked Creation and begin reading...
 52821 | WizLab   | You add the spells Sigil of Binding, Sculpt Simulacrum and
                  | Death Channel to your library.
 52823 | WizLab   | You add the spells Ignite Poison and Ignition to your
                  | library.
 52825 | WizLab   | You add the spells Borgnjor's Vile Clutch, Haunt and
                  | Death's Door to your library.
 52825 | WizLab   | Got the Incunable of the Ossuary
 53438 | Depths:1 | Found a one-way gate to the infinite horrors of the Abyss.
 53446 | Depths:1 | Reached skill level 13 in Invocations
 53757 | Depths:1 | Reached skill level 14 in Invocations
 53815 | Depths:1 | Found a sparkling altar of Nemelex Xobeh.
 53883 | Depths:1 | Voluntarily entered the Abyss.
 53905 | Abyss:1  | Found a corrupted altar of Lugonu.
 53929 | Abyss:1  | Found a corrupted altar of Lugonu.
 53943 | Abyss:1  | Found a corrupted altar of Lugonu.
 53943 | Abyss:1  | Found a corrupted altar of Lugonu.
 54181 | Abyss:2  | Reached XP level 23. HP: 167/206 MP: 33/33
 54302 | Abyss:2  | Reached skill level 15 in Invocations
 54569 | Abyss:3  | Noticed a pearl dragon
 54578 | Abyss:3  | Killed a pearl dragon
 54636 | Abyss:3  | Reached skill level 16 in Invocations
 54805 | Abyss:3  | Reached skill level 17 in Invocations
 54895 | Abyss:3  | Got an abyssal rune of Zot
 55128 | Abyss:3  | Reached skill level 18 in Invocations
 55283 | Abyss:4  | Found a corrupted altar of Lugonu.
 55524 | Abyss:4  | Reached skill level 19 in Invocations
 55544 | Depths:1 | You pass through the gate.
 55544 | Depths:1 | Escaped the Abyss
 55806 | Depths:2 | Found a huge runed translucent gate.
 55806 | Depths:2 | Found a huge runed translucent gate.
 55806 | Depths:2 | Found a huge runed translucent gate.
 55806 | Depths:2 | Found a huge runed translucent gate.
 55806 | Depths:2 | Found a huge runed translucent gate.
 55806 | Depths:2 | Found a huge runed translucent gate.
 55806 | Depths:2 | Found a huge runed translucent gate.
 55806 | Depths:2 | Found a huge runed translucent gate.
 55806 | Depths:2 | Found a huge runed translucent gate.
 55806 | Depths:2 | Found a huge runed translucent gate.
 55806 | Depths:2 | Found a huge runed translucent gate.
 55806 | Depths:2 | Found a huge runed translucent gate.
 55806 | Depths:2 | Found a huge runed translucent gate.
 55806 | Depths:2 | Found a huge runed translucent gate.
 55806 | Depths:2 | Found a huge runed translucent gate.
 55806 | Depths:2 | Found a huge runed translucent gate.
 55806 | Depths:2 | Found a huge runed translucent gate.
 55806 | Depths:2 | Found a huge runed translucent gate.
 55806 | Depths:2 | Found a huge runed translucent gate.
 55806 | Depths:2 | Found a huge runed translucent gate.
 55946 | Depths:4 | Entered Level 4 of the Depths
 55949 | Depths:4 | Found a one-way gateway to a ziggurat.
 56129 | Depths:4 | You pick up a book of Sloth and begin reading...
 56162 | Depths:4 | Found Row Raoh's Book Boutique.
 56163 | Depths:4 | Found Immacom's Jewellery Shoppe.
 56165 | Depths:4 | Found Koip's Book Boutique.
 56172 | Depths:4 | Bought the amulet "Paguth" {Will+ Regen+ Str+3 Int-5} for
                  | 499 gold pieces
 56239 | Depths:4 | Found Tytothek's General Store.
 56249 | Depths:4 | Bought a potion of heal wounds for 75 gold pieces
 56249 | Depths:4 | Bought a scroll of revelation for 112 gold pieces
 56307 | Depths:4 | Found a gate to the Realm of Zot.
 56345 | Depths:4 | Reached skill level 20 in Invocations
 56570 | Zot:1    | Entered Level 1 of the Realm of Zot
 56571 | Zot:1    | Noticed an electric golem
 56620 | Zot:1    | Reached skill level 6 in Evocations
 56632 | Zot:1    | Identified the +4 scale mail "Ycifeta" {rN+ Regen+ MP+9
                  | Str+3}
 56632 | Zot:1    | Noticed Grunn
 56643 | Zot:1    | Noticed a curse toe
 56650 | Zot:1    | Reached skill level 7 in Evocations
 56667 | Zot:1    | Killed Grunn
 56667 | Zot:1    | HP: 48/199 [constriction (5)]
 56676 | Zot:1    | HP: 36/201 [moth of wrath (4)]
 56857 | Zot:1    | Reached skill level 8 in Evocations
 56881 | Zot:1    | +0 storm dragon scales {rare}; a storm dragon corpse
 56935 | Zot:1    | Killed a curse toe
 56936 | Zot:1    | Reached skill level 9 in Evocations
 56936 | Zot:1    | Reached XP level 24. HP: 158/214 MP: 37/37
 57004 | Zot:1    | You pick up a book of Transmutation and begin reading...
 57006 | Zot:1    | magus.rc [v1.9.6]
 57159 | Zot:1    | Reached skill level 10 in Evocations
 57305 | Zot:1    | Noticed a curse toe
 57310 | Zot:1    | Noticed a curse toe
 57319 | Zot:1    | HP: 45/214 [deathcap[a curse toe] (19)]
 57319 | Zot:1    | Killed a curse toe
 57320 | Zot:1    | Reached skill level 11 in Evocations
 57327 | Zot:1    | HP: 44/214 [??? (34)]
 57334 | Zot:1    | Killed a curse toe
 57337 | Zot:1    | HP: 42/214 [golden dragon (25)]
 57394 | Zot:1    | Killed an electric golem
 57509 | Zot:1    | Reached skill level 12 in Evocations
 57677 | Zot:2    | Noticed an orb of fire
 57689 | Zot:2    | Killed an orb of fire
 57690 | Zot:2    | Reached skill level 13 in Evocations
 57700 | Zot:3    | Noticed an orb of fire
 57719 | Zot:2    | Killed an orb of fire
 57955 | Zot:2    | Reached skill level 14 in Evocations
 58366 | Zot:5    | Entered Level 5 of the Realm of Zot
 58381 | Zot:5    | Identified +0 gold dragon scales
 58382 | Zot:5    | Reached skill level 15 in Evocations
 58392 | Zot:5    | +0 gold dragon scales {rare}; a golden dragon corpse
 58426 | Zot:5    | Noticed an orb of fire
 58428 | Zot:5    | Gained mutation: You are clumsy. (Dex -2) [an orb of fire]
 58430 | Zot:5    | Gained mutation: Your flesh is heat resistant. (rF+) [an
                  | orb of fire]
 58455 | Zot:5    | Gained mutation: You are weak. (Str -2) [an orb of fire]
 58458 | Zot:5    | Killed an orb of fire
 58677 | Zot:5    | Noticed a curse toe
 58691 | Zot:5    | Killed a curse toe
 58820 | Zot:5    | Reached skill level 16 in Evocations
 58863 | Zot:5    | Noticed an orb of fire
 58867 | Zot:5    | Noticed an electric golem
 58868 | Zot:5    | Noticed a dread lich
 58875 | Zot:5    | Killed an orb of fire
 58878 | Zot:5    | Noticed an orb of fire
 58879 | Zot:5    | Noticed an ancient lich
 58881 | Zot:5    | Noticed an ancient lich
 59048 | Zot:5    | Killed an orb of fire
 59144 | Zot:5    | Killed an ancient lich
 59152 | Zot:5    | Noticed a Killer Klown
 59153 | Zot:5    | Gained mutation: Armour fits poorly on your strangely
                  | shaped body. [a cacodemon]
 59155 | Zot:5    | Gained mutation: You are vulnerable to cold. (rC-) [a
                  | cacodemon]
 59157 | Zot:5    | Killed a dread lich
 59158 | Zot:5    | Reached skill level 17 in Evocations
 59192 | Zot:5    | Killed a Killer Klown
 59195 | Zot:5    | Lost mutation: Armour fits poorly on your strangely shaped
                  | body. [potion of mutation]
 59195 | Zot:5    | Lost mutation: You have supernaturally acute eyesight.
                  | (SInv) [potion of mutation]
 59195 | Zot:5    | Lost mutation: Your spells are a little easier to cast, but
                  | a little less powerful. [potion of mutation]
 59195 | Zot:5    | Gained mutation: You have supernaturally acute eyesight.
                  | (SInv) [potion of mutation]
 59195 | Zot:5    | Gained mutation: You are very clumsy. (Dex -4) [potion of
                  | mutation]
 59195 | Zot:5    | Gained mutation: You have hidden genetic potential. [potion
                  | of mutation]
 59196 | Zot:5    | Lost mutation: You are strong-willed. (Will+) [potion of
                  | mutation]
 59196 | Zot:5    | Lost mutation: You are very clumsy. (Dex -4) [potion of
                  | mutation]
 59196 | Zot:5    | Lost mutation: You are weak. (Str -2) [potion of mutation]
 59196 | Zot:5    | Gained mutation: You are strong-willed. (Will+) [potion of
                  | mutation]
 59196 | Zot:5    | Gained mutation: You are weak. (Str -2) [potion of
                  | mutation]
 59197 | Zot:5    | Lost mutation: You have supernaturally acute eyesight.
                  | (SInv) [potion of mutation]
 59197 | Zot:5    | Lost mutation: You are clumsy. (Dex -2) [potion of
                  | mutation]
 59197 | Zot:5    | Lost mutation: You are strong-willed. (Will+) [potion of
                  | mutation]
 59197 | Zot:5    | Gained mutation: You expend magic power (3 MP) to
                  | strengthen your wands. [potion of mutation]
 59198 | Zot:5    | Lost mutation: You are weak. (Str -2) [potion of mutation]
 59198 | Zot:5    | Lost mutation: You are vulnerable to cold. (rC-) [potion of
                  | mutation]
 59198 | Zot:5    | Lost mutation: You have hidden genetic potential. [potion
                  | of mutation]
 59198 | Zot:5    | Gained mutation: Your muscles are strong. (Str +4, Int/Dex
                  | -1) [potion of mutation]
 59198 | Zot:5    | Gained mutation: You have a pair of small horns on your
                  | head. [potion of mutation]
 59198 | Zot:5    | Gained mutation: You are robust. (+10% HP) [potion of
                  | mutation]
 59313 | Zot:5    | Killed an electric golem
 59337 | Zot:5    | Killed an ancient lich
 59355 | Zot:5    | Reached XP level 25. HP: 206/245 MP: 37/37
 59429 | Zot:5    | Noticed a Killer Klown
 59430 | Zot:5    | Reached skill level 18 in Evocations
 59436 | Zot:5    | Noticed an orb of fire
 59441 | Zot:5    | Gained mutation: You occasionally lose the ability to drink
                  | potions when taking damage. [an orb of fire]
 59635 | Zot:5    | Killed an orb of fire
 59722 | Zot:5    | Got the Orb of Zot
 59756 | Zot:5    | Noticed a dread lich
 59779 | Zot:5    | Killed a dread lich
 59849 | Zot:3    | Noticed a seraph
 59929 | Zot:1    | Noticed Osiow the pandemonium lord
 60089 | D:15     | Reached skill level 19 in Evocations
 60242 | D:8      | Identified the +5 tower shield of the Devil's Team {rC+
                  | Dex+3 Slay-6 Stlth+}
 60370 | D:$      | Escaped with the Orb!

Vanquished Creatures
  2 dread liches (Zot:5)
  4 orbs of fire (Zot:5)
  2 ancient liches (Zot:5)
  Frederick (Vaults:3)
  A Killer Klown (Zot:5)
  3 curse toes
  5 golden dragons
  Nikola (Snake:4)
  4 bone dragons
  2 doom hounds (Zot:1)
  An electric golem (Zot:1)
  Jorgrun (D:12)
  12 tentacled monstrosities
  A lich (Abyss:4)
  An Ice Fiend (D:2)
  10 Orb Guardians (Zot:5)
  3 deep elf blademasters (Elf:3)
  Rupert (D:13)
  A quicksilver dragon (Zot:4)
  Grunn (Zot:1)
  A deep elf master archer (Elf:3)
  3 Executioners
  A kraken (Shoals:4)
  2 sphinxes
  2 tentacled starspawn
  Polyphemus (Shoals:4)
  2 death cobs
  4 shadow dragons (Zot:1)
  5 ancient champions
  3 storm dragons
  3 protean progenitors
  5 nagarajas
  A daeva (Zot:5)
  A revenant (WizLab)
  An iron dragon (Depths:3)
  5 draconian monks
  A fire giant (Vaults:3)
  3 draconian knights
  A draconian scorcher (Depths:4)
  A draconian shifter (Zot:1)
  3 deep elf elementalists
  6 deep elf sorcerers (Elf:3)
  11 vault wardens
  3 frost giants
  2 ghouls (Vaults:2)
  A balrug (Depths:4)
  Louise (D:14)
  2 formless jellyfish
  A quicksilver ooze (Zot:2)
  3 draconian annihilators
  9 ironbound preservers
  A cacodemon (Abyss:3)
  2 draconian stormcallers (Zot:1)
  2 very ugly things
  4 deep elf death magi (Elf:3)
  9 green draconians
  4 black draconians
  6 ironbound thunderhulks
  11 dire elephants
  4 stone giants
  5 deep elf demonologists
  A yellow draconian (Zot:3)
  5 white draconians
  2 war gargoyles (Vaults:2)
  6 deep elf annihilators (Elf:3)
  7 red draconians
  2 purple draconians
  6 ettins
  3 crystal guardians
  2 jiangshi (WizLab)
  4 deep elf high priests
  6 yaktaur captains
  A quicksilver dragon zombie (WizLab)
  8 merfolk impalers
  A shambling mangrove (Abyss:3)
  3 merfolk javelineers (Shoals:4)
  A fire dragon (Depths:4)
  Josephine (Orc:2)
  Erolcha (D:11)
  9 great orbs of eyes
  3 ice dragons
  3 entropy weavers
  A spriggan air mage (Depths:4)
  2 salamander tyrants (Snake:2)
  2 rakshasas
  3 hydras
  7 vault guards
  2 peacekeepers
  2 ironbound frosthearts
  5 ogre magi
  6 ghost crabs
  7 boulder beetles
  4 merfolk avatars
  11 centaur warriors
  5 anacondas
  3 catoblepae
  7 dancing weapons
  20 two-headed ogres
  5 merfolk aquamancers
  A death knight (D:14)
  2 satyrs
  2 tengu warriors
  A vampire mage (Depths:1)
  2 occultists (Elf:1)
  6 shock serpents
  3 thrashing horrors
  An orc high priest (Orc:1)
  4 sun demons
  Nergalle (Lair:1)
  2 demonic crawlers
  14 naga warriors
  6 deep elf knights
  2 sixfirhies
  12 salamander mystics
  4 wretched stars
  6 naga sharpshooters
  2 skysharks
  A shadow wraith (WizLab)
  An iron troll (Depths:1)
  6 fire crabs (D:12)
  A spectral anaconda (Lair:5)
  A quicksilver dragon simulacrum (Depths:1)
  3 glowing orange brains
  6 skeletal warriors
  17 deep trolls
  12 sea snakes
  5 naga ritualists
  6 mana vipers
  A lindwurm (Vaults:1)
  An arcanist (Vaults:4)
  A bog body (Shoals:3)
  10 harpies
  17 large abominations
  10 ironbound convokers
  4 phantasmal warriors
  7 necromancers
  6 deep elf archers
  15 deep elf pyromancers
  20 ugly things
  13 deep elf zephyrmancers
  A will-o-the-wisp (Abyss:2)
  6 manticores
  2 orc knights
  12 fauns
  An orc sorcerer (Orc:1)
  4 cyclopes
  28 salamanders
  2 moths of wrath
  A salamander (shapeshifter) (Depths:1)
  A fire giant skeleton (Depths:1)
  2 kobold blastminers (Orc:2)
  13 elephants (Lair:5)
  2 apocalypse crabs
  A merfolk siren (Shoals:4)
  2 smoke demons (Abyss:3)
  10 vault sentinels
  4 water nymphs
  15 naga magi
  5 cane toads
  7 guardian serpents
  3 molten gargoyles
  26 black mambas
  A torpor snail (shapeshifter) (D:15)
  6 unseen horrors
  A dire elephant skeleton (Lair:5)
  10 komodo dragons
  4 efreet
  A freezing wraith (Abyss:3)
  Psyche (D:10)
  4 tengu conjurers
  28 yaktaurs
  3 ancient zymes
  5 trolls
  2 polar bears
  Grinder (D:3)
  20 merfolk
  5 wind drakes
  2 hornets (Abyss:3)
  15 blink frogs
  A spriggan zombie (WizLab)
  14 dream sheep
  6 raiju
  6 snapping turtles
  Sigmund (D:2)
  An ettin skeleton (Depths:1)
  43 slime creatures
  3 vampires
  A shadow (D:11)
  2 air elementals
  8 wraiths
  15 water elementals
  4 ynoxinuls
  46 yaks
  3 wyverns
  A steam dragon (D:8)
  4 golden eyes (Depths:4)
  3 humans (D:14)
  2 redbacks (Vaults:3)
  13 vampire mosquitoes
  A neqoxec (Abyss:2)
  3 chaos spawn
  A spectral cane toad (Lair:5)
  2 wargs
  36 nagas
  Duvessa (D:5)
  15 water moccasins
  A glowing shapeshifter skeleton (Vaults:3)
  19 orc warriors
  3 black bears
  An ettin simulacrum (Abyss:4)
  15 wolves
  An ice beast (D:6)
  9 laughing skulls
  22 ogres
  7 boggarts
  2 elephant skeletons (Lair:5)
  5 centaurs
  2 kobold brigands (D:6)
  9 bullfrogs
  An earth elemental (Elf:3)
  2 gnoll sergeants
  A scorpion (D:6)
  15 small abominations
  4 wights (D:6)
  Dowan (D:5)
  9 killer bees
  An elephant simulacrum (Lair:5)
  4 electric eels
  A howler monkey (D:11)
  2 bombardier beetles
  2 jellies
  6 lava snakes (Volcano)
  2 hounds (D:6)
  Crazy Yiuf (D:3)
  2 gnoll boudas
  13 orc priests
  13 starcursed masses
  Terence (D:2)
  A sleepcap (D:5)
  Ijyb (D:3)
  An iguana (D:3)
  13 orc wizards
  5 hell rats
  Natasha (twice) (D:2)
  Robin (D:3)
  18 gnolls
  11 adders
  A shadow imp (D:5)
  4 ufetubi
  A dart slug (D:3)
  2 ribbon worms (D:3)
  51 orcs
  5 ball pythons
  4 bats
  8 endoplasms
  4 giant cockroaches
  15 goblins
  8 hobgoblins
  3 quokkas
  4 frilled lizards
  10 kobolds
  3 rats
  A starspawn tentacle (Abyss:2)
  A tentacle (Shoals:4)
1443 creatures vanquished.

Vanquished Creatures (collateral kills)
  2 orbs of fire (Zot:2)
  Xtahua (Vaults:3)
  Saint Roka (Snake:2)
  A curse toe (Zot:1)
  A golden dragon (Zot:5)
  A pearl dragon (Abyss:3)
  A bone dragon (Abyss:3)
  An electric golem (Zot:5)
  2 tentacled monstrosities
  11 Orb Guardians (Zot:5)
  A sphinx (Vaults:4)
  A kraken (Abyss:3)
  A tentacled starspawn (Abyss:3)
  A storm dragon (Zot:5)
  Aizul (Shoals:4)
  A revenant (WizLab)
  2 tengu reavers
  A protean progenitor (Zot:3)
  A nagaraja (Snake:4)
  2 shadow dragons
  6 vault wardens
  5 deep elf sorcerers
  A draconian shifter (Zot:2)
  4 deep elf elementalists (Elf:3)
  A draconian stormcaller (Zot:2)
  A very ugly thing (Depths:4)
  A quicksilver ooze (Zot:2)
  6 ironbound preservers
  3 stone giants (Depths:1)
  2 ironbound thunderhulks
  A formless jellyfish (Vaults:4)
  2 deep elf death magi
  6 deep elf annihilators
  A deep elf demonologist (Elf:3)
  A white draconian (Zot:1)
  4 red draconians
  5 dire elephants (Vaults:4)
  A black draconian (Zot:5)
  5 green draconians
  3 halazid warlocks (WizLab)
  2 yellow draconians (Zot:1)
  3 eidola
  A merfolk impaler (Shoals:4)
  A green death (Depths:1)
  2 merfolk javelineers (Shoals:4)
  2 fire dragons
  3 quicksilver dragon zombies
  2 entropy weavers
  3 deep elf high priests (Elf:3)
  An ice dragon (Depths:3)
  2 great orbs of eyes (Vaults:3)
  3 yaktaur captains
  2 merfolk avatars (Shoals:2)
  2 anacondas (Snake:3)
  2 salamander tyrants
  5 centaur warriors
  An ogre mage (Orc:2)
  3 ironbound frosthearts
  5 vault guards
  2 peacekeepers
  2 two-headed ogres
  2 satyrs
  A dancing weapon (Elf:2)
  2 death yaks (Shoals:4)
  A demonic crawler (Abyss:3)
  A thrashing horror (Abyss:3)
  A titan zombie (WizLab)
  A deep troll earth mage (Depths:1)
  A tengu warrior (Depths:2)
  2 hell knights (Abyss:3)
  A naga sharpshooter (Snake:4)
  A vampire mage (Depths:4)
  4 shock serpents
  11 naga warriors
  A deep elf knight (Elf:3)
  6 wretched stars
  A salamander mystic (Snake:3)
  3 skeletal warriors (WizLab)
  2 skysharks
  7 sea snakes
  A skyshark (shapeshifter) (Abyss:2)
  3 flayed ghosts (WizLab)
  A naga ritualist (Snake:1)
  An arcanist (Vaults:3)
  9 deep trolls
  3 deep elf archers
  A glowing orange brain (Abyss:4)
  2 phantasmal warriors (WizLab)
  A mana viper (Snake:4)
  A bog body (Shoals:3)
  An orange crystal statue (Zot:5)
  5 ironbound convokers
  2 necromancers
  2 deep elf pyromancers
  An orc knight (Orc:2)
  5 harpies
  6 deep elf zephyrmancers
  7 manticores
  4 salamanders
  6 fauns
  An ugly thing (Vaults:4)
  5 large abominations
  An iron dragon zombie (Abyss:3)
  A worldbinder (Abyss:3)
  2 cyclopes
  4 merfolk sirens
  4 moths of wrath
  5 black mambas
  An apocalypse crab (Abyss:3)
  4 guardian serpents
  2 fire giant skeletons (Vaults:3)
  A meliai (shapeshifter) (D:13)
  4 water nymphs
  2 smoke demons
  10 vault sentinels
  2 naga magi
  2 cane toads
  2 unseen horrors
  An orange demon (Abyss:1)
  6 yaktaurs
  A freezing wraith (D:14)
  An efreet (Abyss:4)
  3 ancient zymes
  A troll (D:12)
  2 harpy zombies (WizLab)
  5 merfolk
  A wind drake (Shoals:4)
  5 raiju
  A spriggan zombie (WizLab)
  5 snapping turtles
  2 blink frogs
  3 dream sheep
  13 slime creatures
  A ynoxinul (Abyss:4)
  14 water elementals
  A fire elemental (Elf:2)
  An air elemental (Elf:3)
  4 yaks
  2 fire bats (Volcano)
  2 wraiths
  4 wyverns
  A dire elephant simulacrum (Lair:5)
  20 starcursed masses
  2 humans (D:14)
  2 golden eyes (Depths:4)
  2 redbacks
  A yaktaur simulacrum (Vaults:3)
  A steam dragon (D:8)
  3 vampire mosquitoes
  4 chaos spawn
  10 nagas
  3 human zombies
  A harpy simulacrum (Abyss:3)
  4 orc warriors
  A sky beast (Snake:1)
  8 laughing skulls
  An elephant skeleton (Lair:5)
  5 ogres (Orc:2)
  A wolf (Lair:5)
  A boggart (Vaults:2)
  3 centaurs
  A kobold brigand (D:9)
  A brain worm (Abyss:3)
  A bullfrog (Lair:4)
  10 small abominations
  An earth elemental (Abyss:3)
  4 killer bees
  7 electric eels (D:8)
  A quasit (Abyss:3)
  A jelly (Snake:1)
  An orc priest (Orc:1)
  6 orc wizards
  A hell rat (Lair:5)
  2 gnolls (D:8)
  3 white imps
  2 ufetubi (Abyss:3)
  27 orcs
  An endoplasm (Snake:1)
  2 goblins (D:5)
  4 kobolds (D:6)
  2 starspawn tentacles (Abyss:4)
  8 tentacles
545 creatures vanquished.

Vanquished Creatures (others)
  A deep elf master archer (Elf:3)
  A draconian shifter (Zot:3)
  A draconian annihilator (Zot:2)
  A purple draconian (Depths:4)
  2 vault guards (D:14)
  A shock serpent (Zot:3)
  A deep elf knight (Elf:2)
  A spectral death yak (Lair:5)
  2 deep elf pyromancers (Elf:2)
  A cyclops (Shoals:3)
  A moth of wrath (Zot:1)
  A vault sentinel (Vaults:3)
  A yaktaur (Vaults:2)
  3 humans (D:14)
  A naga (Snake:4)
  An orc priest (D:10)
  35 knights
  An ancestor (D:7)
  A lurking horror (Abyss:4)
  6 starspawn tentacles
  6 tentacles
69 creatures vanquished.

Grand Total: 2057 creatures vanquished

Table legend:
 A = Non-vault XP
 B = Vault XP
 C = Vault XP percentage of total XP
 D = Non-vault monster count
 E = Vault monster count
 F = Vault count percentage of total count
                 A         B        C        D         E       F
            +---------+---------+-------+---------+---------+-------
      Total |  575613 |  509993 |  47.0 |    1316 |     658 |  33.3
            +---------+---------+-------+---------+---------+-------
        D:1 |      20 |       0 |   0.0 |      11 |       0 |   0.0
        D:2 |     113 |     304 |  72.9 |      13 |       4 |  23.5
        D:3 |     163 |     426 |  72.3 |      21 |      23 |  52.3
        D:4 |     171 |     280 |  62.1 |      15 |      13 |  46.4
        D:5 |     462 |     214 |  31.7 |      11 |       4 |  26.7
        D:6 |    1245 |       0 |   0.0 |      26 |       0 |   0.0
        D:7 |     576 |       0 |   0.0 |      20 |       0 |   0.0
        D:8 |    2791 |       0 |   0.0 |      36 |       0 |   0.0
        D:9 |    1590 |       0 |   0.0 |      18 |       0 |   0.0
       D:10 |    5246 |     855 |  14.0 |      30 |       3 |   9.1
       D:11 |    3212 |     878 |  21.5 |      18 |       1 |   5.3
       D:12 |    4915 |   12031 |  71.0 |      13 |      14 |  51.9
       D:13 |    6626 |    1718 |  20.6 |      20 |       1 |   4.8
       D:14 |    9835 |    3836 |  28.1 |      21 |       8 |  27.6
       D:15 |   16360 |    4060 |  19.9 |      31 |       7 |  18.4
     Lair:1 |    7198 |     781 |   9.8 |      32 |       1 |   3.0
     Lair:2 |    3720 |    2755 |  42.5 |      16 |       6 |  27.3
     Lair:3 |    5191 |    1300 |  20.0 |      19 |       4 |  17.4
     Lair:4 |    3842 |     478 |  11.1 |      16 |       3 |  15.8
     Lair:5 |   10244 |    8906 |  46.5 |      48 |      20 |  29.4
   Shoals:1 |   18418 |       0 |   0.0 |      37 |       0 |   0.0
   Shoals:2 |   14254 |       0 |   0.0 |      30 |       0 |   0.0
   Shoals:3 |   14976 |    1322 |   8.1 |      32 |       2 |   5.9
   Shoals:4 |   18887 |   24298 |  56.3 |      36 |      35 |  49.3
    Snake:1 |   19631 |    4283 |  17.9 |      38 |      12 |  24.0
    Snake:2 |    7418 |   16461 |  68.9 |      18 |      28 |  60.9
    Snake:3 |   23325 |    1319 |   5.4 |      41 |       1 |   2.4
    Snake:4 |   26150 |   26194 |  50.0 |      53 |      40 |  43.0
      Orc:1 |    2951 |    3516 |  54.4 |      48 |       6 |  11.1
      Orc:2 |    3859 |   16789 |  81.3 |      37 |      41 |  52.6
      Elf:1 |    6064 |   11919 |  66.3 |       9 |      24 |  72.7
      Elf:2 |   17116 |    2487 |  12.7 |      28 |       3 |   9.7
      Elf:3 |   14628 |   51722 |  78.0 |      23 |      46 |  66.7
   Vaults:1 |   18073 |   30383 |  62.7 |      30 |      38 |  55.9
   Vaults:2 |   17851 |   29826 |  62.6 |      31 |      40 |  56.3
   Vaults:3 |   25208 |   38146 |  60.2 |      45 |      40 |  47.1
   Vaults:4 |   31976 |   23080 |  41.9 |      40 |      32 |  44.4
   Depths:1 |   21589 |    3894 |  15.3 |      39 |      15 |  27.8
   Depths:2 |    2792 |       0 |   0.0 |       4 |       0 |   0.0
   Depths:3 |    3098 |       0 |   0.0 |       3 |       0 |   0.0
   Depths:4 |   11427 |   20146 |  63.8 |      11 |      17 |  60.7
      Zot:1 |   35402 |   40863 |  53.6 |      31 |      27 |  46.6
      Zot:2 |   28689 |       0 |   0.0 |      19 |       0 |   0.0
      Zot:3 |   11026 |       0 |   0.0 |      14 |       0 |   0.0
      Zot:4 |    9179 |       0 |   0.0 |       8 |       0 |   0.0
      Zot:5 |   14766 |   78155 |  84.1 |       7 |      33 |  82.5
    Abyss:1 |    1754 |       0 |   0.0 |       4 |       0 |   0.0
    Abyss:2 |   15942 |     121 |   0.8 |      36 |       1 |   2.7
    Abyss:3 |   39910 |    8621 |  17.8 |      88 |       8 |   8.3
    Abyss:4 |   15734 |       0 |   0.0 |      41 |       0 |   0.0
    Volcano |       0 |    6552 | 100.0 |       0 |      16 | 100.0
     WizLab |       0 |   31074 | 100.0 |       0 |      41 | 100.0
            +---------+---------+-------+---------+---------+-------

Skill      XL: |  1  2  3  4  5  6  7  8  9 10 11 12 13 14 15 16 17 18 19 20 21 22 23 24 25 |
---------------+----------------------------------------------------------------------------+-----
Fighting       | 5 6 7 8 10 11 14 17 18 20 22 23 24 | 24.0
Long Blades    | 3 5 7 8 10 11 14 | 14.0
Armour         | 2 8 10 14 16 | 16.0
Dodging        | 2 8 12 14 | 14.0
Evocations     | 5 9 17 19 | 19.0
Shields        | 5 8 10 16 18 19 20 22 | 22.0
Invocations    | 10 12 14 20 | 20.8
Ranged Weapons | |  1.0
Unarmed Combat | |  4.0

Action                     |  1- 3 |  4- 6 |  7- 9 | 10-12 | 13-15 | 16-18 | 19-21 | 22-24 | 25-27 || total
---------------------------+-------+-------+-------+-------+-------+-------+-------+-------+-------++-------
  Melee: Falchion          |    25 |       |       |       |       |       |       |       |       ||    25
         Unarmed           |    10 |     1 |       |       |       |       |       |       |       ||    11
         Long sword        |       |    93 |   206 |   408 |  1135 |  1000 |  1562 |  2082 |   139 ||  6625
         Headbutt          |       |       |       |       |       |       |       |     6 |    49 ||    55
   Fire: Sling             |    35 |       |       |       |       |       |       |       |       ||    35
 Invoke: Ancestor Identity |       |       |     1 |       |       |       |       |       |       ||     1
         Ancestor Life: Kn |       |       |     1 |       |       |       |       |       |       ||     1
         Recall Ancestor   |       |       |       |     2 |     6 |     2 |     9 |    11 |     7 ||    37
         Idealise          |       |       |       |       |    10 |     9 |    16 |    13 |     1 ||    49
         Transference      |       |       |       |       |       |     1 |       |     1 |       ||     2
  Evoke: Wand              |       |       |     9 |    21 |    11 |     5 |     9 |    10 |     1 ||    66
         Sack of spiders   |       |       |       |       |     1 |     3 |     1 |     4 |     1 ||    10
         Lightning rod     |       |       |       |       |       |       |       |     6 |       ||     6
    Use: Potion            |     3 |       |       |     2 |     4 |     6 |     8 |    30 |     3 ||    56
         Scroll            |       |     2 |     9 |     8 |    17 |    11 |    15 |    10 |     2 ||    74
   Stab: Paralysed         |       |       |     7 |    12 |     8 |       |       |       |       ||    27
         Distracted        |       |       |     1 |     1 |     7 |    12 |    19 |    64 |     9 ||   113
         Held in net/web   |       |       |       |       |       |     1 |       |       |       ||     1
         Sleeping          |       |       |       |       |       |       |     4 |     8 |       ||    12
         Invisible         |       |       |       |       |       |       |       |     9 |       ||     9
         Confused          |       |       |       |       |       |       |       |     1 |       ||     1
 Armour: Leather armour    |    38 |       |       |       |   118 |   455 |       |       |       ||   611
         Skin              |    12 |       |       |       |       |       |       |       |       ||    12
         Ring mail         |       |    57 |   146 |     5 |       |     9 |   401 |   660 |    54 ||  1332
         Steam dragon scal |       |       |       |   305 |   492 |       |       |       |       ||   797
  Dodge: Dodged            |    34 |    58 |   155 |   239 |   679 |   444 |   663 |   807 |    39 ||  3118
  Block: Buckler           |       |       |       |   101 |   276 |       |       |       |       ||   377
         Kite shield       |       |       |       |       |     6 |   312 |       |       |       ||   318
         Tower shield      |       |       |       |       |       |   650 |  1768 |  2472 |   133 ||  5023
         Reflection        |       |       |       |       |       |    45 |   120 |    59 |     3 ||   227

Illustrated notes

Table legend:
 A = Kills in this place as a percentage of kills in the entire game.
 B = Kills by you in this place as a percentage of kills by you in the entire game.
 C = Kills by friends in this place as a percentage of kills by friends in the entire game.
 D = Other kills in this place as a percentage of other kills in the entire game.
 E = Experience gained in this place as a percentage of experience gained in the entire game.
 F = Experience gained in this place divided by the number of levels of this place that you have seen.
                   A       B       C       D       E      F
               +-------+-------+-------+-------+-------+----------------------
         Total | 100.0 | 100.0 | 100.0 | 100.0 | 100.0 | 20297.7
       Dungeon |  19.3 |  22.8 |  10.1 |   7.7 |   7.4 | 5422.6
          Lair |   8.3 |  10.1 |   3.4 |   7.7 |   4.1 | 8883.0
        Shoals |   8.6 |   7.6 |  11.6 |   7.7 |   8.4 | 23038.8
     Snake Pit |  11.6 |  12.1 |  10.5 |   7.7 |  11.4 | 31195.2
  Orcish Mines |   6.6 |   6.9 |   6.2 |   0.0 |   2.5 | 13557.5
   Elven Halls |   6.7 |   6.5 |   6.7 |  30.8 |   9.5 | 34645.3
        Vaults |  14.9 |  13.8 |  17.8 |  15.4 |  19.6 | 53635.8
        Depths |   5.0 |   5.1 |   4.9 |   7.7 |   6.3 | 17127.5
           Zot |   7.1 |   6.6 |   8.2 |  15.4 |  20.0 | 43914.4
         Abyss |   8.9 |   6.5 |  15.9 |   0.0 |   7.5 | 20520.5
       Volcano |   0.8 |   1.0 |   0.4 |   0.0 |   0.6 | 6552.0
        Wizlab |   2.1 |   1.2 |   4.5 |   0.0 |   2.8 | 31074.0
               +-------+-------+-------+-------+-------+----------------------

Table legend: (Time is in decaauts)
 A = Elapsed time spent in this place.
 B = Non-inter-level travel time spent in this place.
 C = Inter-level travel time spent in this place.
 D = Time resting spent in this place.
 E = Time spent auto-exploring this place.
 F = Levels seen in this place.
 G = Mean time per level.
                   A        B        C        D        E       F      G
               +--------+--------+--------+--------+--------+-----+--------+
         Total |  59280 |  55207 |   4073 |  12092 |  29707 |  54 | 1097.8 |
       Dungeon |  17134 |  15037 |   2097 |   2580 |   9552 |  15 | 1142.3 |
          Lair |   6806 |   6274 |    532 |    971 |   4374 |   5 | 1361.2 |
        Shoals |   3914 |   3706 |    208 |    283 |   2547 |   4 |  978.5 |
     Snake Pit |   7227 |   6941 |    286 |   2281 |   3234 |   4 | 1806.8 |
  Orcish Mines |   3278 |   2984 |    294 |   1097 |   1350 |   2 | 1639.0 |
   Elven Halls |   5642 |   5325 |    317 |   1456 |   2771 |   3 | 1880.7 |
        Vaults |   6414 |   6227 |    187 |   1071 |   3583 |   4 | 1603.5 |
        Depths |   2113 |   1994 |    119 |    345 |    955 |   4 |  528.2 |
           Zot |   3179 |   3149 |     30 |   1051 |    435 |   5 |  635.8 |
         Abyss |   1624 |   1624 |      0 |    393 |    336 |   4 |  406.0 |
        Bazaar |    773 |    773 |      0 |    300 |    223 |   2 |  386.5 |
       Volcano |    527 |    527 |      0 |    124 |     93 |   1 |  527.0 |
        Wizlab |    646 |    646 |      0 |    137 |    253 |   1 |  646.0 |
               +--------+--------+--------+--------+--------+-----+--------+

Top non-repeatable levels by time:
   Elf:3: 3130 daAuts
 Snake:3: 2151 daAuts
     D:8: 2044 daAuts
 Snake:2: 2012 daAuts
  Lair:5: 1979 daAuts
    D:10: 1827 daAuts
    D:12: 1773 daAuts
Vaults:1: 1743 daAuts
   Orc:1: 1704 daAuts
Vaults:3: 1680 daAuts
Vaults:2: 1599 daAuts
Shoals:4: 1579 daAuts
   Orc:2: 1574 daAuts
 Snake:1: 1559 daAuts
  Lair:1: 1548 daAuts
